Map: Efflorescence LE

Players

kotbegemot

  • Race: Zerg Zerg
  • Spawn Location: 6:00

Wood

  • Race: Zerg Zerg
  • Spawn Location: 9:00

qqq - Winner!

  • Race: Zerg Zerg
  • League: Platinum
  • Spawn Location: 12:00

Massa - Winner!

  • Race: Terran Terran
  • League: Platinum
  • Spawn Location: 3:00

VOD

Have the link to the VOD?

Description

Time

  • Played on: Jan. 4, 2021, 4:41 p.m.
  • Length: 9:22
Show
View Real Time Build Order
Export as new Build Order

kotbegemot Zerg 

Build Orders: Hatch First 

Get SALT Encoding   

  12  0:02  Drone  
  13  0:14  Overlord  
  13  0:19  Drone  
  14  0:34  Drone x2  
  16  0:42  Drone  
  17  0:57  Drone  
  18  0:59  Drone  
  18  1:04  Hatchery  
  18  1:11  Extractor  
  17  1:17  Spawning Pool  
  16  1:25  Drone x2  
  18  1:30  Drone  
  19  1:43  Overlord  
  19  2:06  Queen  
  21  2:09  Zergling x4  
  21  2:15  Drone  
  24  2:17  Drone  
  24  2:18  Queen  
  24  2:21  Metabolic Boost  
  27  2:27  Drone x2  
  29  2:42  Drone x2  
  31  2:54  Drone x2  
  33  2:59  Overlord x2  
  33  3:07  Baneling Nest  
  33  3:09  Drone x2  
  33  3:20  Drone x4  
  37  3:28  Roach Warren  
  36  3:42  Lair  
  36  3:44  Drone x4  
  36  3:45  Drone  
  41  3:57  Overlord x2  
  41  4:07  Hatchery, Zergling x8  
  43  4:15  Extractor  
  42  4:17  Extractor, Zergling x2  
  42  4:18  Zergling x8  
  46  4:25  Drone  
  46  4:30  Baneling x5  
  47  4:33  Overlord x2  
  47  4:43  Drone x3  
  49  4:45  Drone  
  49  4:46  Drone  
  49  4:48  Drone  
  52  4:53  Zergling x4  
  54  5:04  Extractor  
  54  5:05  Overlord  
  54  5:06  Drone  
  54  5:07  Drone x2  
  56  5:13  Hydralisk Den  
  55  5:17  Evolution Chamber  
  55  5:19  Zergling x6  
  55  5:20  Zergling x8  
  60  5:35  Baneling x2  
  60  5:36  Baneling x4  
  53  5:54  Hydralisk x8  
  63  6:01  Queen  
  63  6:03  Drone  
  65  6:04  Hydralisk x2  
  69  6:14  Hydralisk  
  69  6:15  Hydralisk  
  68  6:33  Hydralisk x4  
  76  6:42  Hydralisk x2  
  80  6:51  Drone x8, Spore Crawler  
  87  6:58  Overlord  
  87  7:06  Overlord x2  
  87  7:10  Drone  
  87  7:11  Drone  
  87  7:14  Overlord  
  87  7:24  Drone  
  87  7:25  Drone x3  
  87  7:27  Queen  
  87  7:29  Extractor  
  92  7:30  Drone x3  
  90  7:38  Hydralisk x3  
  90  7:41  Hydralisk  
  87  7:57  Drone x4, Spore Crawler  
  90  7:58  Spore Crawler  
  90  8:05  Roach x5  
  96  8:21  Overlord x3  
  96  8:22  Overlord x2  
Show
View Real Time Build Order
Export as new Build Order

Wood Zerg 

Build Orders: Hatch First 

Get SALT Encoding   

  12  0:00  Drone  
  13  0:12  Overlord  
  13  0:18  Drone  
  14  0:31  Drone x2  
  14  0:35  Drone  
  17  0:56  Hatchery  
  16  0:57  Drone  
  17  1:11  Spawning Pool  
  17  1:14  Drone  
  17  1:17  Extractor  
  16  1:24  Drone x2  
  18  1:34  Overlord  
  18  1:45  Drone  
  19  1:55  Drone  
  19  1:57  Queen  
  22  2:03  Zergling x2  
  22  2:08  Queen  
  23  2:09  Zergling x2  
  23  2:12  Drone  
  27  2:22  Drone  
  28  2:26  Drone  
  28  2:27  Metabolic Boost  
  29  2:34  Drone  
  30  2:41  Overlord  
  30  2:44  Queen  
  32  2:52  Drone  
  32  2:53  Drone  
  34  3:02  Drone  
  34  3:05  Drone, Roach Warren  
  34  3:08  Drone  
  36  3:15  Drone  
  37  3:22  Overlord  
  37  3:23  Drone  
  37  3:24  Overlord  
  38  3:32  Zergling x4  
  39  3:46  Drone  
  39  3:47  Drone  
  43  3:48  Roach  
  43  3:49  Roach x3  
  49  4:06  Hatchery  
  49  4:08  Lair  
  49  4:09  Extractor  
  47  4:11  Roach x4  
  47  4:13  Drone  
  56  4:17  Overlord  
  56  4:28  Overlord  
  56  4:29  Roach  
  58  4:39  Overlord  
  58  4:41  Roach x3  
  61  4:58  Roach x3  
  67  5:03  Drone  
  67  5:05  Drone x2  
  70  5:16  Overlord  
  70  5:20  Drone  
  71  5:21  Drone  
  71  5:22  Drone  
  71  5:28  Glial Reconstitution  
  73  5:32  Roach x3  
  79  5:37  Evolution Chamber  
  79  5:40  Extractor, Evolution Chamber  
  74  5:51  Spore Crawler  
  74  5:52  Spore Crawler  
  74  5:53  Hydralisk Den  
  74  5:54  Drone  
  74  5:55  Drone x7  
  77  6:09  Spore Crawler  
  74  6:12  Zerg Missile Weapons Level 1  
  74  6:16  Roach x2  
  74  6:20  Drone  
  74  6:21  Drone x6, Extractor  
  74  6:37  Drone x7  
  71  6:49  Queen  
  71  6:51  Drone  
  74  6:57  Drone x6  
  80  7:03  Zergling x2  
  81  7:11  Spine Crawler  
  81  7:13  Spine Crawler  
  79  7:17  Hydralisk x4  
  87  7:23  Overlord  
  86  7:33  Hydralisk  
  86  7:34  Hydralisk  
  88  7:42  Drone  
  88  7:43  Drone x2  
  91  7:46  Extractor, Drone  
  91  7:47  Drone  
  91  7:48  Drone x2  
  91  7:49  Drone  
  95  7:58  Zergling x2  
  95  8:05  Muscular Augments  
  94  8:15  Overlord x3  
  90  8:22  Spore Crawler  
  90  8:24  Spore Crawler  
  86  8:33  Queen x2  
  86  8:35  Drone  
  86  8:36  Drone x10  
  86  8:39  Hydralisk  
  86  8:40  Hydralisk x3  
  103  8:43  Overlord  
  99  8:57  Spore Crawler  
  99  8:58  Spore Crawler x2  
  99  9:01  Spore Crawler  
Show
View Real Time Build Order
Export as new Build Order

qqq Zerg - Winner!

Build Orders: Hatch First 

Get SALT Encoding   

  12  0:01  Drone  
  13  0:09  Drone  
  14  0:18  Overlord  
  14  0:46  Hatchery  
  13  0:52  Drone  
  13  0:53  Drone  
  13  0:56  Drone  
  16  1:00  Extractor  
  16  1:04  Drone  
  16  1:21  Spawning Pool  
  15  1:32  Drone x2  
  17  1:36  Drone  
  18  1:51  Drone  
  19  1:58  Drone  
  19  2:00  Drone  
  21  2:07  Extractor  
  20  2:13  Lair  
  20  2:14  Queen  
  22  2:15  Drone  
  22  2:19  Drone  
  22  2:22  Drone  
  25  2:28  Overlord  
  25  2:37  Extractor  
  25  2:41  Drone  
  25  2:43  Drone x2  
  27  2:53  Drone  
  27  2:54  Overlord  
  27  2:55  Drone  
  29  3:07  Queen  
  29  3:09  Drone  
  32  3:16  Spire  
  31  3:20  Drone  
  31  3:21  Drone  
  31  3:23  Drone  
  34  3:28  Drone  
  34  3:31  Overlord  
  35  3:54  Zergling x2  
  35  3:55  Zergling x2  
  37  3:56  Drone x2  
  37  3:57  Drone  
  37  4:00  Extractor  
  37  4:01  Extractor  
  36  4:15  Drone x2  
  38  4:17  Overlord x2  
  38  4:18  Overlord  
  38  4:24  Drone  
  38  4:26  Drone  
  38  4:28  Mutalisk  
  42  4:32  Drone x2  
  42  4:33  Drone  
  45  4:40  Drone, Hatchery  
  45  4:41  Mutalisk  
  47  4:59  Mutalisk x4  
  55  5:02  Drone  
  56  5:09  Zerg Flyer Weapons Level 1  
  56  5:12  Drone x2  
  56  5:13  Drone  
  59  5:14  Drone  
  60  5:21  Mutalisk  
  60  5:23  Mutalisk  
  64  5:29  Mutalisk  
  64  5:33  Drone x2  
  68  5:39  Mutalisk  
  68  5:40  Overlord  
  68  6:29  Mutalisk x5  
  76  6:36  Drone x5  
  76  6:37  Drone x2  
  83  6:48  Metabolic Boost  
  83  6:50  Mutalisk x2  
  83  6:51  Drone x2  
  89  7:07  Hatchery, Queen  
  90  7:08  Overlord  
  90  7:11  Hatchery  
  90  7:14  Infestation Pit  
  88  7:22  Spine Crawler x3  
  85  7:24  Spine Crawler  
  84  7:43  Queen  
  86  7:46  Mutalisk x3  
  86  7:47  Mutalisk x2  
  94  7:52  Drone  
  94  7:53  Drone x2  
  97  8:02  Extractor x2  
  87  8:40  Mutalisk x5  
  87  8:41  Mutalisk  
  97  9:00  Drone x3  
Show
View Real Time Build Order
Export as new Build Order

Massa Terran - Winner!

Build Orders: 2 Factory, Hellion Opening 

Get SALT Encoding   

  12  0:00  SCV  
  13  0:12  SCV  
  14  0:18  Supply Depot  
  14  0:24  SCV  
  15  0:40  SCV  
  15  0:41  Barracks  
  16  0:49  Refinery  
  16  0:52  SCV  
  17  1:04  SCV  
  17  1:11  Refinery  
  18  1:12  Supply Depot  
  18  1:16  SCV  
  19  1:28  SCV  
  20  1:39  Marine  
  21  1:42  Orbital Command  
  21  1:45  Factory  
  21  2:01  Barracks Tech Lab  
  21  2:09  Factory  
  21  2:10  SCV  
  22  2:31  Barracks Reactor  
  22  2:36  Hellion  
  24  2:37  Supply Depot  
  24  2:38  Infernal Pre-Igniter  
  24  2:41  SCV  
  25  2:52  Hellion  
  25  2:57  Hellion  
  29  3:00  Supply Depot  
  29  3:17  Barracks Tech Lab  
  29  3:18  Hellion  
  31  3:37  Hellion x2  
  31  3:39  SCV  
  31  3:40  Hellion  
  38  3:43  Supply Depot  
  38  3:58  Hellion  
  40  4:15  Hellion x2  
  40  4:16  SCV  
  45  4:19  Hellion  
  45  4:22  Engineering Bay  
  47  4:28  SCV  
  48  4:36  Hellion x2  
  52  4:40  SCV  
  52  4:41  Hellion  
  47  5:55  SCV  
  46  6:07  SCV  
  46  6:10  Hellion x3  
  47  6:31  Hellion  
  47  6:32  Hellion x2  
  41  6:53  Hellion x2  
  47  6:55  Marauder, Siege Tank  
  47  6:56  Stimpack  
  47  6:59  Command Center  
  50  7:03  Starport, Barracks x2  
  50  7:07  Armory  
  50  7:08  SCV  
  51  7:14  Hellion  
  53  7:17  Marauder  
  55  7:36  SCV  
  54  7:37  Supply Depot, Siege Tank  
  53  7:44  Supply Depot  
  53  7:45  Supply Depot  
  53  7:47  Supply Depot x2  
  53  8:04  Supply Depot  
  53  8:05  Hellion x2  
  49  8:09  Widow Mine  
  47  8:14  Barracks Tech Lab  
  47  8:15  Barracks Reactor  
  47  8:17  Marauder  
  49  8:26  Widow Mine  
  49  8:27  Hellion, Supply Depot  
  53  8:29  Orbital Command  
  53  8:31  Hellion  
  55  8:48  Hellion x2  
  59  8:50  Marauder x2  
Tags
 
Add a new tag
Caveats
  • Supply blocks, unpowered buildings, or Contaminate may cause inaccurate times.
  • Supply counts are checked every 10 seconds.